 Dungeon Crawl Stone Soup version 0.28.0-43-g3370ac3207 (webtiles) character file.

Game seed: 9176238821643261352

23495 Peloso the Fencer (level 12, -3/110 HPs)
             Began as a Minotaur Fighter on Mar 18, 2022.
             Was a High Priest of Okawaru.
             Slain by an ice devil (23 damage)
             ... on level 12 of the Dungeon.
             The game lasted 00:24:41 (16271 turns).

Peloso the Fencer (Minotaur Fighter)               Turns: 16271, Time: 00:24:42

Health: -3/110     AC: 21    Str: 25    XL:     12   Next: 72%
Magic:  11/11      EV:  9    Int:  5    God:    Okawaru [*****.]
Gold:   680        SH:  6    Dex: 17    Spells: 11/11 levels left

rFire   . . .      SeeInvis .   b - +2 scimitar (flame)
rCold   . . .      Faith    .   c - +0 buckler
rNeg    . . .      Spirit   .   y - +0 plate armour
rPois   .          Reflect  .   F - +1 hat
rElec   .          Harm     .   k - +2 cloak
rCorr   .          Rampage  .   (no gloves)
Will    .....                   (no boots)
Stlth   ..........              (no amulet)
HPRegen 0.28/turn               x - +4 ring of slaying
MPRegen 0.12/turn               D - +6 ring of dexterity

@: no status effects
A: horns 2, retaliatory headbutt
a: Renounce Religion, Heroism, Finesse, Duel


You were on level 12 of the Dungeon.
You worshipped Okawaru.
Okawaru was extremely pleased with you.
You visited 3 branches of the dungeon, and saw 15 of its levels.

You collected 680 gold pieces.

Inventory:

Hand Weapons
 a - a +2 double sword of draining
 b - a +2 scimitar of flaming (weapon)
Armour
 c - a +0 buckler (worn)
 k - a +2 cloak (worn)
 y - a +0 plate armour (worn)
 F - a +1 hat (worn)
Jewellery
 u - a +6 ring of intelligence
 x - a +4 ring of slaying (left hand)
 D - a +6 ring of dexterity (right hand)
 E - an amulet of magic regeneration
Wands
 h - a wand of polymorph (5)
 l - a wand of flame (21)
 w - a wand of charming (2)
 A - a wand of paralysis (4)
 N - a wand of mindburst (8)
 O - a wand of acid (1)
Scrolls
 e - 3 scrolls of noise
 g - 3 scrolls of summoning
 i - a scroll of blinking {unknown}
 j - 4 scrolls of teleportation
 p - 3 scrolls of amnesia
 s - a scroll of holy word {unknown}
 v - 2 scrolls of enchant weapon
 B - a scroll of enchant armour {unknown}
 C - a scroll of acquirement {unknown}
 I - a scroll of fog
 J - 2 scrolls of immolation
 K - a scroll of fear {unknown}
 P - a scroll of magic mapping {unknown}
Potions
 d - 2 potions of might
 f - 2 potions of mutation
 m - a potion of cancellation
 n - a potion of resistance
 o - 2 potions of haste
 q - a potion of heal wounds
 r - a potion of lignification {unknown}
 G - a potion of brilliance {unknown}
 H - a potion of attraction {unknown}
 L - a potion of curing {unknown}
 M - a potion of flight {unknown}


   Skills:
 + Level 11.1 Fighting
 + Level 15.7 Long Blades
 + Level 14.9 Armour
 + Level 4.5 Dodging
 + Level 2.3 Stealth
 + Level 8.2 Shields
 + Level 0.3 Unarmed Combat
 + Level 1.2 Invocations
 + Level 1.0 Evocations


You had 11 spell levels left.
You didn't know any spells.
Your spell library contained the following spells:

 Spells                   Type           Power      Damage    Failure   Level
 Magic Dart               Conj           0%         1d3       99%         1
 Pain                     Necr           0%         1d4       99%         1
 Slow                     Hex            0%         N/A       99%         1
 Ensorcelled Hibernation  Hex/Ice        0%         N/A       100%        2
 Passwall                 Tmut/Erth      0%         N/A       100%        2
 Searing Ray              Conj           0%         2d4       100%        2
 Confusing Touch          Hex            0%         N/A       100%        3
 Ignite Poison            Fire/Tmut/Pois 0%         N/A       100%        3
 Mephitic Cloud           Conj/Pois/Air  0%         N/A       100%        3
 Swiftness                Air            0%         N/A       100%        3
 Vampiric Draining        Necr           0%         2d6       100%        3
 Fulminant Prism          Conj/Hex       0%         3d6       100%        4
 Agony                    Necr           0%         N/A       100%        5
 Excruciating Wounds      Necr           0%         N/A       100%        5
 Freezing Cloud           Conj/Ice/Air   0%         6-21      100%        5


Dungeon Overview and Level Annotations

Branches:
Dungeon (12/15)            Temple (1/1) D:7            Lair (2/6) D:11
 Shoals (0/4) Lair:2          Orc (0/2) D:11
  Snake: Lair:2-4    Spider: Lair:2-4

Altars:
Ashenzari
Dithmenos
Elyvilon
Fedhas
Gozag
Hepliaklqana
Kikubaaqudgha
Makhleb
Nemelex Xobeh
Okawaru
Qazlal
Ru
Sif Muna
Trog
Uskayaw
Vehumet
Wu Jian
Xom
Zin

Shops:
D:5 =   D:11 [(

Portals:
Ice
Cave: D:12

Annotations:
D:4 1 transporter


Innate Abilities, Weirdness & Mutations

You have a pair of horns on your head.
You reflexively headbutt those who attack you in melee.


Message History

You feel sick.
You are no longer poisoned.
You open the door.
You feel yourself speed up.
Found 20 gold pieces.
There is an open door here.
You now have 680 gold pieces (gained 20).
You hear the steady crackling of a very distant melting archway.
You open the door.
There is an open door here.
There is an open door here.
You open the door.
An ice devil comes into view.
Found a frozen archway.
There is an open door here.
You hear the steady crackling of a melting archway.
You closely miss the ice devil. The ice devil completely misses you.
You furiously retaliate!
You headbutt the ice devil! You slash the ice devil! You burn the ice devil.
The ice devil is heavily wounded.
You slash the ice devil! You burn the ice devil.
You kill the ice devil!
Okawaru accepts your kill.
An ice devil comes into view.
You hit the ice devil but do no damage.
You headbutt the ice devil, but do no damage.
The ice devil hits you. The ice devil freezes you!
* * * LOW HITPOINT WARNING * * *
You slash the ice devil! You burn the ice devil.
Your headbutt misses the ice devil.
The ice devil is lightly wounded.
You slice the ice devil!! You burn the ice devil.
The ice devil is almost dead.
The ice devil barely misses you.
You hit the ice devil but do no damage.
The ice devil is almost dead.
The ice devil hits you!
* * * LOW HITPOINT WARNING * * *
The ice devil freezes you!!
You die...

...# #.........#
...###......###
...#.'......########
...#.#......##..∩..#
.....#......##.....#
...########.# .....
...# #.# ... ####
#.# #4# #.# ##@##
#.# #...# #.###'#+#
#.......# #########


You could see an ice devil.

Vanquished Creatures
  Gastronok (D:11)
  A hydra (Lair:1)
  4 two-headed ogres
  6 skeletal warriors
  Pikel (D:5)
  3 slime creatures (D:12)
  2 cyclopes (D:12)
  A guardian serpent (D:12)
  A black mamba (Lair:1)
  A gargoyle (D:11)
  2 komodo dragons (Lair:2)
  A rime drake (Lair:1)
  3 cane toads (Lair:1)
  Maggie (Lair:2)
  An ice devil (D:12)
  An efreet (D:9)
  A troll (D:12)
  Grinder (D:5)
  5 blink frogs (Lair:1)
  A snapping turtle (Lair:2)
  A meliai zombie (D:10)
  3 wyverns
  2 shadows (D:11)
  A vampire (D:9)
  2 wraiths
  A basilisk (Lair:2)
  A steam dragon (D:8)
  3 vampire mosquitoes (D:11)
  2 acid dragons
  15 water moccasins
  Duvessa (D:5)
  A hornet zombie (D:9)
  6 orc warriors
  4 black bears
  2 necrophages (D:4)
  A sky beast (D:6)
  6 wolves
  2 ogres
  5 centaurs
  A lemure (D:5)
  9 bullfrogs
  A gnoll sergeant (D:7)
  A scorpion (D:5)
  Dowan (D:5)
  2 water moccasin skeletons (D:5)
  9 wights
  2 howler monkeys (D:11)
  4 electric eels
  5 centaur zombies
  A jelly (D:8)
  2 hounds
  8 orc priests
  A bullfrog skeleton (D:6)
  4 iguanas
  5 orc wizards
  A killer bee zombie (D:8)
  A howler monkey zombie (D:9)
  9 gnolls
  7 adders
  A shadow imp (D:6)
  A white imp (D:5)
  An ufetubus (D:6)
  An adder skeleton (D:5)
  2 worms
  2 dart slugs
  29 orcs
  3 endoplasms
  A giant cockroach (D:1)
  5 goblins
  6 hobgoblins
  7 jackals
  4 kobolds
  3 quokkas (D:2)
  3 ball pythons
  7 bats
  3 frilled lizards
  4 rats
  3 rat zombies (D:7)
257 creatures vanquished.

Vanquished Creatures (others)
  7 fungi
  11 plants
  8 withered plants (D:1)
26 creatures vanquished.

Grand Total: 283 creatures vanquished

Notes
Turn   | Place    | Note
-------+----------+-------------------------------------------
     0 | D:1      | Peloso the Minotaur Fighter began the quest for the Orb.
     0 | D:1      | Reached XP level 1. HP: 19/19 MP: 0/0
   191 | D:1      | Reached XP level 2. HP: 27/27 MP: 1/1
   286 | D:1      | Found a faded altar of an unknown god.
   947 | D:2      | Reached XP level 3. HP: 30/33 MP: 2/2
   985 | D:2      | Reached skill level 3 in Long Blades
  1276 | D:2      | Reached skill level 5 in Armour
  1276 | D:2      | Reached XP level 4. HP: 22/40 MP: 3/3
  2451 | D:3      | Reached XP level 5. HP: 44/46 MP: 4/4
  2700 | D:4      | Reached skill level 4 in Long Blades
  2815 | D:4      | Noticed a necrophage
  2835 | D:4      | Killed a necrophage
  2836 | D:4      | Reached XP level 6. HP: 49/53 MP: 5/5
  2898 | D:4      | Reached skill level 5 in Long Blades
  3103 | D:4      | Reached skill level 1 in Dodging
  3655 | D:4      | Reached XP level 7. HP: 37/60 MP: 6/6
  3664 | D:4      | Reached skill level 6 in Long Blades
  4093 | D:4      | Found a sparkling altar of Nemelex Xobeh.
  4093 | D:4      | Found a transporter.
  4269 | D:5      | Entered Level 5 of the Dungeon
  4275 | D:5      | Noticed Grinder
  4276 | D:5      | Paralysed by Grinder for 4 turns
  4295 | D:5      | Killed Grinder
  4296 | D:5      | Reached skill level 5 in Fighting
  4376 | D:5      | Noticed Pikel
  4392 | D:5      | Killed Pikel
  4393 | D:5      | Reached skill level 7 in Long Blades
  4393 | D:5      | Reached skill level 1 in Stealth
  4393 | D:5      | Reached XP level 8. HP: 46/69 MP: 7/7
  4532 | D:5      | Found a glowing silver altar of Zin.
  4590 | D:5      | Reached skill level 8 in Long Blades
  4868 | D:5      | Noticed Duvessa
  4868 | D:5      | Noticed Dowan
  4879 | D:5      | Killed Duvessa
  4887 | D:5      | Killed Dowan
  4986 | D:5      | Found Xirogur's Jewellery Shoppe.
  4996 | D:5      | Reached skill level 5 in Shields
  5196 | D:6      | Found a burning altar of Makhleb.
  5204 | D:6      | Reached skill level 9 in Long Blades
  5287 | D:6      | Reached XP level 9. HP: 54/75 MP: 8/8
  6082 | D:6      | Found a shimmering blue altar of Sif Muna.
  6164 | D:6      | Found a sacrificial altar of Ru.
  6226 | D:6      | Reached skill level 10 in Long Blades
  6347 | D:7      | Found a staircase to the Ecumenical Temple.
  6357 | Temple   | Entered the Ecumenical Temple
  6521 | D:7      | Found an ancient bone altar of Kikubaaqudgha.
  7257 | D:7      | Found a hide-covered altar of Uskayaw.
  7480 | D:8      | Noticed a two-headed ogre
  7495 | D:8      | Reached skill level 11 in Long Blades
  7581 | D:8      | Found a blossoming altar of Fedhas.
  7630 | D:8      | Found a stormy altar of Qazlal.
  8951 | D:9      | Identified the +4 spear of an ossuary {flame, Contam Int+4}
  9236 | D:9      | Reached XP level 10. HP: 67/86 MP: 9/9
  9414 | D:9      | Found an iron altar of Okawaru.
  9426 | D:9      | Became a worshipper of Warmaster Okawaru
  9453 | D:9      | Noticed a two-headed ogre
  9461 | D:9      | Killed a two-headed ogre
  9462 | D:9      | Reached skill level 10 in Armour
  9769 | D:9      | Reached * piety under Okawaru
 10102 | D:9      | Reached skill level 12 in Long Blades
 10394 | D:10     | Entered Level 10 of the Dungeon
 10719 | D:10     | Noticed a two-headed ogre
 10727 | D:10     | Killed a two-headed ogre
 10961 | D:10     | Reached ** piety under Okawaru
 11467 | D:11     | Found Ifuathri's Weapon Shop.
 11469 | D:11     | Found a staircase to the Orcish Mines.
 11470 | D:11     | Noticed a skeletal warrior
 11470 | D:11     | Noticed a skeletal warrior
 11470 | D:11     | Noticed a skeletal warrior
 11491 | D:11     | Killed a skeletal warrior
 11492 | D:11     | Reached skill level 13 in Long Blades
 11492 | D:11     | Reached XP level 11. HP: 64/95 MP: 7/10
 11500 | D:11     | Killed a skeletal warrior
 11510 | D:11     | Killed a skeletal warrior
 11510 | D:11     | Reached *** piety under Okawaru
 11774 | D:11     | Found Xiynuwez's Armour Shop.
 11977 | D:11     | Noticed Gastronok
 11992 | D:11     | Killed Gastronok
 12069 | D:11     | Noticed a two-headed ogre
 12075 | D:11     | Killed a two-headed ogre
 12281 | D:11     | Found a staircase to the Lair.
 12323 | D:11     | Found an ornate altar of the Wu Jian Council.
 12329 | D:11     | Reached skill level 14 in Long Blades
 12329 | D:11     | Reached skill level 1 in Evocations
 12677 | D:11     | Reached **** piety under Okawaru
 13438 | Lair:1   | Entered Level 1 of the Lair of Beasts
 13453 | Lair:1   | Reached skill level 1 in Invocations
 13935 | Lair:1   | Reached ***** piety under Okawaru
 14481 | Lair:1   | Reached XP level 12. HP: 106/106 MP: 11/11
 14503 | Lair:1   | Reached skill level 10 in Fighting
 14621 | Lair:1   | Noticed a six-headed hydra
 14628 | Lair:1   | Killed a two-headed hydra
 15073 | Lair:2   | Noticed Maggie
 15080 | Lair:2   | Killed Maggie
 15085 | Lair:2   | Reached skill level 15 in Long Blades
 15455 | Lair:2   | Received a gift from Okawaru
 15590 | Lair:2   | Found a staircase to the Shoals.
 16010 | D:12     | Noticed a two-headed ogre
 16013 | D:12     | Killed a two-headed ogre
 16262 | D:12     | Found a frozen archway.
 16271 | D:12     | Slain by an ice devil

Illustrated notes

Levels and vault maps discovered:
D:1:      scummos_arrival_simple_crosswalls, layout_basic,
          shapermc_ecumenical_altar_flowoftime
D:2:      layout_basic, dk_noncrumbling_3
D:3:      layout_loops_ring, minmay_crystal_water
D:4:      layout_layer_cave, grunt_nemelex_the_gamble, due_unseen_surprise
D:5:      layout_basic, mainiacjoe_overflow_brackets, serial_shops,
          shop_fountains, uniq_duvessa, uniq_pikel, uniq_grinder
D:6:      layout_loops_ring, kennysheep_mini_moat, bloody_makhleb,
          lemuel_coloured_pillars_altar
D:7:      layout_rooms, nicolae_uskayaw_dance_hall,
          lemuel_zombie_altar_kikubaaqudgha, minmay_temple_entry_overgrown
D:8:      layout_rooms, grunt_temple_overflow_forces_of_nature,
          nicolae_tso_carved_into_rock, cheibrodos_worm_habitat,
          nicolae_yredelemnul_corpse_copse, feat_on_display
D:9:      layout_roguey, kennysheep_little_box,
          eino_small_chamber_without_monster, nzn_life_drinkers
D:10:     layout_basic
D:11:     layout_basic, lair_entry_dummy, orc_david_3,
          nzn_wu_jian_contemplation, uniq_gastronok
D:12:     layout_roguey, portal_ice_cave_demonic_guard, serial_shops,
          nicolae_shop_trees, nrook_guardian_serpent_double
Temple:   compressed_dpeg_triangle_lava_temple
Lair:1:   layout_regular_city, beast_lair_carwin_11
Lair:2:   layout_regular_city, minmay_shoals_entry_hut, serial_bayou_shore_b,
          serial_bayou_shore_b, uniq_maggie

Skill      XL: |  1  2  3  4  5  6  7  8  9 10 11 12 |
---------------+-------------------------------------+-----
Armour         | 4 5 6 7 8 9 11 13 14 | 14.9
Shields        | 4 5 7 8 |  8.2
Fighting       | 4 5 6 7 8 9 11 | 11.1
Long Blades    | 3 4 5 7 9 11 13 14 15 | 15.7
Dodging        | 1 2 3 4 |  4.5
Stealth        | 1 2 |  2.3
Evocations     | 1 |  1.0
Invocations    | 1 |  1.2
Unarmed Combat | |  0.3

Action                   |  1- 3 |  4- 6 |  7- 9 | 10-12 || total
-------------------------+-------+-------+-------+-------++-------
Melee: Long sword        |    90 |    94 |   313 |    30 ||   527
       Headbutt          |    10 |    12 |    65 |    90 ||   177
       Unarmed           |     3 |       |       |       ||     3
       Scimitar          |       |       |       |   350 ||   350
Invok: Heroism           |       |       |       |     7 ||     7
Evoke: Wand              |       |       |       |     4 ||     4
  Use: Scroll            |       |       |     5 |     7 ||    12
       Potion            |       |       |       |     1 ||     1
Armor: Scale mail        |    35 |    52 |    82 |       ||   169
       Skin              |     2 |       |       |       ||     2
       Chain mail        |       |       |    47 |    32 ||    79
       Plate armour      |       |       |       |   131 ||   131
Dodge: Dodged            |    44 |    42 |   120 |   111 ||   317
Block: Buckler           |    22 |    20 |    61 |    87 ||   190
